Tarks, lawful male human Knight --------- --------- ----- ##|.......| |.......| --------- |...| ###|.......| ##........| # |........##########.>..| ## |.......| # |.......| -----|- |......<|## |....#######|.......| ####........| |..@..| ##........-## --|--# # |.......| # #----.---- |...h.| # |.......|# ## # # ---|----- # # # |.....| ### ---------# # # #+## # # # |.....| # ### # # # # # # |......## # # ## ### # # # ------- ### -------------######### # #### # # |............# -.-.--## # ###|...........| |..).-## # #............| |....|# --|--- |...........| |.....# |....| |...........| ------ |....| ------------- |....| ------ Tarks the Esquire Experience level: 5 Strength: 16 Dexterity: 8 Constitution: 12 Intelligence: 9 Wisdom: 15 Charisma: 17 Health: 0(39) Energy: 43(43) AC: 3 Gold: 430 Moves: 1674 Your Inventory: Coins $ - 430 gold pieces Weapons a - an uncursed +1 long sword (weapon in hand) b - a blessed +1 lance r - 4 [uncursed +1] darts Armor c - an uncursed +1 ring mail (being worn) d - an uncursed +0 helmet (being worn) e - a blessed +0 small shield (being worn) f - an uncursed +0 pair of leather gloves (being worn) Comestibles g - 11 uncursed apples h - 12 uncursed carrots i - an [uncursed] pancake k - 3 [uncursed] food rations Scrolls j - an [uncursed] scroll labeled FNORD [of teleportation] u - 3 [uncursed] unlabeled scrolls [of blank paper] v - a [blessed] unlabeled scroll [of blank paper] Wands p - an [uncursed] ceramic wand [of slow monster (0:4)] Tools o - an [uncursed] lock pick Gems t - an [uncursed] orange gem [agate] Spells known in the end: Name Level Category Fail Memory a - force bolt 1 attack 100% [||||||||] Your skills at the end: Fighting Skills riding [Basic / Expert] Weapon Skills long sword [Basic / Expert] lance [Basic / Expert] Spellcasting Skills Final Attributes: You were devoutly aligned. Hunger level was 549. Your alignment was 17 / 18. Monster difficulty range was 0 - 5. Level difficulty was 5. You aggravated monsters. You could jump. Your luck was zero. You are dead. Vanquished creatures: a shrieker a paper golem a kitten an iguana a gas spore 2 large kobolds a giant rat a yellow mold a red mold a gnome zombie 2 geckos a fox 2 goblins 2 sewer rats 6 grid bugs 4 lichens 28 creatures vanquished. Voluntary challenges: You were an atheist. You used a wielded weapon 28 times. You read items or engraved 1 time. You put on armor 4 times. You never genocided any monsters. You never polymorphed an object. You never changed form. You used no wishes. You never wrote Elbereth's name. You never encountered a bones level. You never used any Sokoban shortcuts. Dungeon overview: The Dungeons of Doom: levels 1 to 5 Level 1 a long staircase Level 3 a fountain Level 4 a potion shop, an altar Level 5 <- You were here History has recorded: On T:1 you entered the Dungeons of Doom to retrieve the Amulet of Yendor! On T:207 you reached level 2 of The Dungeons of Doom. On T:339 you advanced to experience level 2. On T:395 you advanced to experience level 3. On T:584 you reached level 3 of The Dungeons of Doom. On T:681 you advanced to experience level 4. On T:921 you reached level 4 of The Dungeons of Doom. On T:1246 you reached level 5 of The Dungeons of Doom. On T:1435 you advanced to experience level 5. Latest messages: [10 turns] (6x) You stop searching. [9 turns] The bugbear wields an elven short sword! The elven short sword welds itself to the bugbear's hand! You miss the bugbear. The bugbear thrusts her elven short sword. The bugbear hits! [HP-11=28] You hit the bugbear! The bugbear thrusts her elven short sword. The bugbear hits! [HP-8=20] You miss the bugbear. The bugbear thrusts her elven short sword. The bugbear hits! [HP-12=8] [HP+1=9] You suddenly fall asleep! The bugbear thrusts her elven short sword. The bugbear hits! You die... Final status: Fare thee well Tarks the Knight... You died in The Dungeons of Doom on dungeon level 5 with 1217 points, and 430 pieces of gold, after 1674 moves. You were level 5 with a maximum of 39 hit points when you died.